 Dungeon Sprint DCSS version 0.21.0 (webtiles) character file.

4185 wojtek the Bludgeoner (level 10, -1/96 (100) HPs)
             Began as a Minotaur Berserker on Jan 6, 2018.
             Was a Priest of Trog.
             Slain by a sphinx (2 damage)
             ... in the Dungeon (Sprint II: "The Violet Keep of Menkaure").
             The game lasted 00:03:27 (1167 turns).

wojtek the Bludgeoner (Minotaur Berserker)          Turns: 1167, Time: 00:03:28

HP:   -1/96 (100)   AC:  9    Str: 25    XL:     10   Next: 8%
MP:   9/9           EV: 13    Int:  4    God:    Trog [***...]
Gold: 1372          SH:  0    Dex: 10    Spells: 9/9 levels left

rFire    . . .     SeeInvis .   a - +0 mace
rCold    . . .     Gourm    .   y - +0 shield
rNeg     . . .     Faith    .   z - +0 ring mail
rPois    .         Spirit   .   (helmet restricted)
rElec    .         Reflect  .   (no cloak)
rCorr    .         Harm     .   (no gloves)
MR       .....     NoTele   +   w - +0 pair of boots
Stlth    ..........             (no amulet)
HPRegen  0.26/turn              (no ring)
MPRegen  0.11/turn              (no ring)

@: confused, berserk cooldown, slowed, very slow
A: retaliatory headbutt, horns 2
a: Berserk, Trog's Hand, Burn Spellbooks, Renounce Religion


You were in the Dungeon.
You worshipped Trog.
Trog was most pleased with you.
You were near starving.

You visited 1 branch You collected 1372 gold pieces.

Inventory:

Hand Weapons
 a - a +0 mace (weapon)
Missiles
 m - 2 throwing nets (quivered)
Armour
 b - a +0 animal skin
 w - a +0 pair of boots (worn)
 y - a +0 shield (worn)
 z - a +0 ring mail (worn)
Jewellery
 x - an uncursed ring of fire
Scrolls
 i - a scroll of blinking
 j - 2 scrolls of immolation {unknown}
 n - 3 scrolls of magic mapping {unknown}
 o - 4 scrolls of remove curse {unknown}
 p - 4 scrolls of identify {unknown}
 q - 2 scrolls of fear {unknown}
 v - a scroll of enchant weapon {unknown}
Potions
 d - a potion of curing
 e - 2 potions of heal wounds
 f - a potion of haste
 g - 7 potions of magic
 h - a potion of berserk rage
 k - a potion of agility {unknown}
 l - a potion of might {unknown}
 r - 3 potions of resistance {unknown}
 s - a potion of degeneration {unknown}
 t - 4 potions of flight {unknown}
 u - a potion of brilliance {unknown}
Comestibles
 c - 2 rations


   Skills:
 + Level 12.9 Fighting
 * Level 17.1 Maces & Flails
 + Level 12.7 Armour
 + Level 11.7 Dodging


You had 9 spell levels left.
You didn't know any spells.

Dungeon Overview and Level Annotations

Branches:
Dungeon (1/1)

Altars:
Cheibriados
Dithmenos
Elyvilon
Fedhas
Gozag
Hepliaklqana
Kikubaaqudgha
Makhleb
Nemelex Xobeh
Okawaru
Qazlal
Ru
Sif Muna
Trog
Uskayaw
Vehumet
Wu Jian
Xom
Yredelemnul
Zin
Beogh
Jiyva
Lugonu

Shops:
D =!([*%:[*}[


Innate Abilities, Weirdness & Mutations

You reflexively headbutt those who attack you in melee.
You have a pair of horns on your head.


Message History

The sphinx mumbles some strange words.
You are confused.
The sphinx mumbles some strange words.
You barely resist.
The sphinx mumbles some strange words.
You are more confused.
Your shield prevents you from hitting the sphinx.
Your headbutt misses the sphinx.
The sphinx is heavily wounded.
The sphinx closely misses you. The sphinx hits you!
The sphinx completely misses you. The sphinx hits you!!
* * * LOW HITPOINT WARNING * * *
The sphinx hits you.
* * * LOW HITPOINT WARNING * * *
The sphinx hits you.
* * * LOW HITPOINT WARNING * * *
The sphinx hits you but does no damage. The sphinx hits you.
* * * LOW HITPOINT WARNING * * *
The sphinx hits you.
You die...

÷##▓▓▓▓▓▓▓'▓▓▓▓+▓
≈≈≈≈≈≈≈≈≈≈...≈≈≈▓
########'###.≈≈≈▓
._.....#≈≈§##≈≈≈▓
_._....#§§§≈####▓▓ ▓▓
._._...#≈§≈≈≈##..#$$▓
_._._..#≈§§§≈≈#..#$.▓
._._._.#§§≈§§≈'.HH$$▓
_._._._#≈§§§§§#.@#$.▓
_._._.#§§≈§§≈▓..# ▓
._._..#≈≈§≈▓▓▓▓▓▓
#######≈≈≈≈▓
≈≈≈≈≈≈≈≈≈≈≈▓z
######≈▓▓▓▓▓▓ #▓


You could see 2 sphinxes.

Vanquished Creatures
  A kraken (D)
  2 deep trolls (D)
  A merfolk siren (D)
  3 polar bears (D)
  2 hippogriffs (D)
  Menkaure (D)
  4 necrophages (D)
  3 crocodiles (D)
  4 worker ants (D)
21 creatures vanquished.

Vanquished Creatures (collateral kills)
  A yaktaur (D)
  A hornet (D)
  4 tentacles (D)
6 creatures vanquished.

Vanquished Creatures (others)
  A crocodile (D)
  13 tentacles (D)
14 creatures vanquished.

Grand Total: 41 creatures vanquished

Notes
Turn   | Place    | Note
-------+----------+-------------------------------------------
     0 | D        | wojtek the Minotaur Berserker began the quest for the Orb.
     0 | D        | Reached XP level 1. HP: 19/19 MP: 0/0
     1 | D        | Noticed a worker ant
     1 | D        | Noticed a worker ant
     3 | D        | Killed a worker ant
     3 | D        | Reached skill level 5 in Maces & Flails
     3 | D        | Reached XP level 2. HP: 28/28 MP: 1/1
     6 | D        | Reached skill level 5 in Fighting
     6 | D        | Reached skill level 6 in Maces & Flails
     6 | D        | Reached XP level 3. HP: 36/36 MP: 2/2
    10 | D        | Reached ** piety under Trog
    10 | D        | Reached skill level 7 in Maces & Flails
    10 | D        | Reached XP level 4. HP: 42/42 MP: 3/3
    11 | D        | Reached skill level 5 in Armour
    84 | D        | Noticed a necrophage
    84 | D        | Noticed a necrophage
    84 | D        | Noticed a necrophage
    84 | D        | Noticed a necrophage
    88 | D        | Killed a necrophage
    88 | D        | Reached skill level 9 in Maces & Flails
    88 | D        | Reached skill level 5 in Dodging
    88 | D        | Reached XP level 5. HP: 51/51 MP: 4/4
    97 | D        | Killed a necrophage
    97 | D        | Reached skill level 10 in Maces & Flails
   101 | D        | Killed a necrophage
   101 | D        | Reached *** piety under Trog
   101 | D        | Reached XP level 6. HP: 59/59 MP: 5/5
   107 | D        | Reached skill level 11 in Maces & Flails
   300 | D        | Noticed a merfolk siren
   322 | D        | Killed a merfolk siren
   322 | D        | Reached **** piety under Trog
   322 | D        | Reached skill level 12 in Maces & Flails
   322 | D        | Reached XP level 7. HP: 64/66 MP: 6/6
   331 | D        | Noticed a hippogriff
   331 | D        | Noticed a hippogriff
   336 | D        | Killed a hippogriff
   336 | D        | Reached skill level 10 in Fighting
   336 | D        | Reached skill level 13 in Maces & Flails
   343 | D        | Killed a hippogriff
   343 | D        | Reached XP level 8. HP: 75/75 MP: 7/7
   435 | D        | Found Umoicvim's Book Shop.
   435 | D        | Found Yriockycots's Antique Armour Boutique.
   435 | D        | Found Vymeut's General Store.
   435 | D        | Found Zapo's General Store.
   435 | D        | Found Onkop's Antique Armour Shop.
   435 | D        | Found Neluqad's Food Boutique.
   435 | D        | Found Cozxeq's Antique Weapon Shop.
   435 | D        | Found Feraeloz's Antique Armour Boutique.
   435 | D        | Found Zammer's Gadget Boutique.
   436 | D        | Found Guxe's Distillery.
   436 | D        | Found Noetyxee's Jewellery Boutique.
   436 | D        | Noticed Menkaure
   436 | D        | Noticed a spiny frog
   449 | D        | Killed Menkaure
   449 | D        | Reached skill level 10 in Armour
   463 | D        | Found an iron altar of Okawaru.
   463 | D        | Found a radiant altar of Vehumet.
   463 | D        | Found a glowing silver altar of Zin.
   464 | D        | Found a sparkling altar of Nemelex Xobeh.
   464 | D        | Found a hide-covered altar of Uskayaw.
   464 | D        | Found a basalt altar of Yredelemnul.
   465 | D        | Found an opulent altar of Gozag.
   465 | D        | Found a burning altar of Makhleb.
   465 | D        | Found a bloodstained altar of Trog.
   466 | D        | Found a blossoming altar of Fedhas.
   466 | D        | Found a corrupted altar of Lugonu.
   466 | D        | Found a deep blue altar of Sif Muna.
   467 | D        | Found a white marble altar of Elyvilon.
   467 | D        | Found an ancient bone altar of Kikubaaqudgha.
   468 | D        | Found a shadowy altar of Dithmenos.
   468 | D        | Found a viscous altar of Jiyva.
   469 | D        | Found a snail-covered altar of Cheibriados.
   472 | D        | Noticed a yaktaur
   472 | D        | Noticed a hornet
   472 | D        | Noticed a polar bear
   473 | D        | Noticed a polar bear
   473 | D        | Noticed a polar bear
   477 | D        | Killed a polar bear
   477 | D        | Reached ***** piety under Trog
   477 | D        | Reached skill level 14 in Maces & Flails
   484 | D        | Killed a polar bear
   490 | D        | Killed a polar bear
   490 | D        | Reached skill level 10 in Dodging
   496 | D        | Killed a hornet
   496 | D        | Reached skill level 15 in Maces & Flails
   496 | D        | Reached XP level 9. HP: 32/85 MP: 8/8
   498 | D        | Killed a yaktaur
   707 | D        | Found a roughly hewn altar of Beogh.
   713 | D        | Noticed a kraken
   838 | D        | Found a hazy altar of Hepliaklqana.
   838 | D        | Found a sacrificial altar of Ru.
   838 | D        | Found a shimmering altar of Xom.
   863 | D        | Killed a kraken
   863 | D        | Reached skill level 16 in Maces & Flails
  1009 | D        | Found a stormy altar of Qazlal.
  1009 | D        | Found an ornate altar of the Wu Jian Council.
  1017 | D        | Noticed a deep troll
  1018 | D        | Noticed a deep troll
  1024 | D        | Killed a deep troll
  1030 | D        | Killed a deep troll
  1030 | D        | Reached skill level 17 in Maces & Flails
  1030 | D        | Reached XP level 10. HP: 91/96 MP: 9/9
  1153 | D        | Noticed a sphinx
  1158 | D        | Noticed a sphinx
  1167 | D        | HP: 1/96 [sphinx (6)]
  1167 | D        | Slain by a sphinx

Skill      XL: |  1  2  3  4  5  6  7  8  9 |
---------------+----------------------------+-----
Fighting       | 4 5 6 8 9 10 11 12 | 12.9
Maces & Flails | 5 6 7 9 10 12 13 15 17 | 17.1
Armour         | 3 4 6 7 9 11 12 | 12.7
Dodging        | 3 4 5 6 8 9 10 11 | 11.7

Action                   |  1- 3 |  4- 6 |  7- 9 | 10-12 || total
-------------------------+-------+-------+-------+-------++-------
Melee: Mace              |     6 |    42 |    56 |     4 ||   108
       Headbutt          |     1 |     7 |    10 |     1 ||    19
Invok: Berserk           |     1 |     1 |     5 |     1 ||     8
       Brothers in Arms  |       |       |     3 |     2 ||     5
  Eat: Chunk             |       |       |     5 |       ||     5
       Ration            |       |       |     1 |       ||     1
Armor: Animal skin       |       |       |     4 |       ||     4
       Ring mail         |       |       |     1 |     6 ||     7
Dodge: Dodged            |     3 |     4 |    35 |     7 ||    49
Block: Shield            |       |       |     3 |       ||     3
